 Dungeon Sprint DCSS version 0.17-a0-1655-g88a8506 (webtiles) character file.

6788 nuthulu the Grappler (level 10, -7/118 HPs)
             Began as a Troll Berserker on Aug 15, 2015.
             Was a High Priest of Trog.
             Mangled by a tentacle (17 damage)
             ... attached to a kraken
             ... in the Dungeon (Sprint II: "The Violet Keep of Menkaure").
             The game lasted 00:07:03 (1075 turns).

nuthulu the Grappler (Troll Berserker)              Turns: 1075, Time: 00:07:03

Health: -7/118     AC: 14    Str: 29    XL:     10   Next: 76%
Magic:  0/14       EV: 15    Int:  3    God:    Trog [*****.]
Gold:   720        SH:  0    Dex: 12    Spells: 0 memorised, 9 levels left

rFire  + . .     SeeInvis .     y - +5 giant club of Laceration {elec, +Rage rF+ rN+ Str+2}
rCold  . . .     Clarity  .     j - +4 moon troll leather armour {Spirit, Regen++ MP+5}
rNeg   + + .     SustAt   .     (no shield)
rPois  .         Gourm    +     (helmet restricted)
rElec  .         Spirit   +     k - +2 cloak
rCorr  .         Warding  .     (gloves unavailable)
rMut   .         NoTele   +     (boots unavailable)
MR     .....                    (no amulet)
Stlth  +.........               (no ring)
                                r - ring of positive energy

@: not resistant to hostile enchantments, very unstealthy
A: unfitting armour, claws 3, fast metabolism 3, gourmand, regeneration 2,
shaggy fur 1, tough skin 2
a: Burn Spellbooks, Berserk, Trog's Hand, Brothers in Arms, Renounce Religion,
Evoke Berserk Rage


You were in the Dungeon.
You worshipped Trog.
Trog was extremely pleased with you.
You were full.

You visited 1 branch You collected 1603 gold pieces.
You spent 883 gold pieces at shops.

Inventory:

Hand weapons
 y - the +5 giant club of Laceration (weapon) {elec, +Rage rF+ rN+ Str+2}
   (Trog gifted it to you in the Dungeon)

   Occasionally, upon striking a foe, it will discharge some electrical energy
   and cause terrible harm.
   It affects your strength (+2).
   It protects you from fire.
   It protects you from negative energy.
   It lets you go berserk.
Armour
 a - a +0 animal skin
 j - the +4 moon troll leather armour (worn) {Spirit, Regen++ MP+5}
   (You bought it in a shop in the Dungeon)

   It affects your magic capacity (+5).
   It increases your rate of regeneration.
 k - a +2 cloak (worn)
Jewellery
 r - a ring of positive energy (left claw)
Scrolls
 d - a scroll of identify
 h - 3 scrolls of blinking
 i - a scroll of immolation
 l - a scroll of enchant armour {unknown}
 o - a scroll of fog {unknown}
 p - a scroll of recharging
 q - 2 scrolls of remove curse
 u - a scroll of fear {unknown}
 v - a scroll of enchant weapon {unknown}
 w - a scroll of amnesia {unknown}
Potions
 c - 3 potions of curing
 e - a potion of haste
 f - 6 potions of magic
 g - a potion of berserk rage
 m - 3 potions of flight
 n - a potion of cure mutation {unknown}
 s - 3 potions of resistance {unknown}
Comestibles
 b - 3 bread rations
 t - a slice of pizza
 x - a beef jerky
 z - a meat ration
 A - 12 chunks of flesh


   Skills:
 + Level 12.8 Fighting
 + Level 0.0 Maces & Flails
 + Level 12.8 Dodging
 - Level 14.8 Unarmed Combat


You had 9 spell levels left.
You didn't know any spells.

Dungeon Overview and Level Annotations

Branches:
Dungeon (1/1)

Altars:
Cheibriados
Dithmenos
Elyvilon
Fedhas
Gozag
Kikubaaqudgha
Makhleb
Nemelex Xobeh
Okawaru
Qazlal
Ru
Sif Muna
Trog
Vehumet
Xom
Yredelemnul
Zin
The Shining One
Beogh
Jiyva
Lugonu

Shops:
D *=:[?%[!*!(%}}=:

Annotations:
D exclusion: oklob plant


Innate Abilities, Weirdness & Mutations

You are too large for most types of armour.
You have claws for hands.
Your metabolism is lightning-fast.
You like to eat raw meat.
You heal very quickly.
You are covered in fur (AC +1).
You have very tough skin (AC +2).


Message History

The kraken bites you! The tentacle slaps you. The tentacle slaps you!
The tentacle slaps you! x2
The kraken is engulfed in a cloud of scalding steam.
The kraken bites you!
The tentacle slaps you but does no damage.
The tentacle barely misses you.
The kraken is engulfed in a cloud of scalding steam.
The kraken bites you!!
* * * LOW HITPOINT WARNING * * *
The tentacle barely misses you. The tentacle slaps you!
* * * LOW HITPOINT WARNING * * *
The tentacle slaps you.
* * * LOW HITPOINT WARNING * * *
You hit the kraken but do no damage.
The kraken is lightly wounded.
The tentacle is engulfed in a cloud of scalding steam.
The tentacle slaps you!
* * * LOW HITPOINT WARNING * * *
The tentacle slaps you!!
You die...

#.##.†# ...# ...####▓.[.[([.(▓▓
##.######..## #..##.#▓[[.)(..(▓▓
###'###.##..# +..#..#▓))(...[.▓▓
.##.##...#..# #..#..#▓....[..)▓▓
#'.<.'##.+..####..##.#▓Y)((.[..▓▓
.##.##.###....###...##▓▓▓▓▓▓▓'▓▓▓
###'###.##....§§≈≈≈≈≈≈≈≈≈≈≈≈÷...≈
##.#.####≈≈§..§w≈#'########'###.≈
#..#..#≈≈≈§§≈≈*w@#_._.....#≈§§##≈
###.###§≈§≈§≈≈wXw#._._....#§§≈§##
≈##+##≈≈≈≈≈≈§§§§≈#_._÷_...#≈§≈≈§#
≈≈≈≈≈≈≈≈≈≈≈≈≈≈§§≈#._._._..#≈≈§§§≈
+++#+++#≈≈≈§§§≈§≈#_._._.⌠.#≈§§§≈§


zzz ##≈§≈###§≈#._._)_..#§§≈§§≈ z§z§§ #§§ #§§#.._._._.#≈≈§§≈≈ §z§§§≈+
#≈≈#..._._.(#§≈≈§▓▓ .§§≈≈## ≈≈≈##########≈§§§▓z You could see a kraken, a
hellephant and 4 tentacles.

Vanquished Creatures
  2 sphinxes (D)
  2 deep trolls (D)
  A yaktaur (D)
  3 polar bears (D)
  2 boulder beetles (D)
  Menkaure (D)
  A wasp (D)
  A crocodile (D)
  4 brain worms (D)
  4 worker ants (D)
  3 worms (D)
  A tentacle (D)
25 creatures vanquished.

Vanquished Creatures (collateral kills)
  Sonja (D)
  A giant orange brain (D)
  3 crocodiles (D)
5 creatures vanquished.

Vanquished Creatures (others)
  7 tentacles (D)
  327 tentacle segments (D)
334 creatures vanquished.

Grand Total: 364 creatures vanquished

Notes
Turn   | Place    | Note
--------------------------------------------------------------
     0 | D        | nuthulu the Troll Berserker began the quest for the Orb.
     0 | D        | Reached XP level 1. HP: 22/22 MP: 0/0
     1 | D        | Noticed a boulder beetle
     1 | D        | Noticed a boulder beetle
     4 | D        | Noticed a brain worm
     8 | D        | Noticed a worker ant
     8 | D        | Noticed a worker ant
     8 | D        | Noticed a worker ant
     8 | D        | Noticed a worker ant
    15 | D        | Killed a worker ant
    15 | D        | Reached skill level 4 in Unarmed Combat
    15 | D        | Reached XP level 2. HP: 29/31 MP: 1/1
    18 | D        | Killed a worker ant
    18 | D        | Acquired Trog's second power
    18 | D        | Reached skill level 5 in Unarmed Combat
    18 | D        | Reached XP level 3. HP: 35/39 MP: 2/2
    21 | D        | Killed a worker ant
    21 | D        | Reached XP level 4. HP: 45/49 MP: 3/3
    23 | D        | Killed a worker ant
    23 | D        | Reached skill level 6 in Unarmed Combat
    66 | D        | Reached skill level 5 in Fighting
    68 | D        | Reached skill level 5 in Dodging
   199 | D        | Killed a brain worm
   199 | D        | Reached skill level 7 in Unarmed Combat
   199 | D        | Reached XP level 5. HP: 56/59 MP: 4/4
   205 | D        | Noticed a brain worm
   207 | D        | Killed a brain worm
   207 | D        | Acquired Trog's third power
   208 | D        | Noticed a brain worm
   208 | D        | Noticed a brain worm
   211 | D        | Killed a brain worm
   211 | D        | Reached skill level 8 in Unarmed Combat
   211 | D        | Reached XP level 6. HP: 68/68 MP: 5/5
   218 | D        | Killed a brain worm
   236 | D        | Killed a boulder beetle
   236 | D        | Reached skill level 9 in Unarmed Combat
   236 | D        | Reached XP level 7. HP: 79/79 MP: 6/6
   244 | D        | Killed a boulder beetle
   244 | D        | Reached skill level 10 in Unarmed Combat
   272 | D        | Found Ekhan's Book Shop.
   285 | D        | Found Zualaw's Jewellery Boutique.
   285 | D        | Found Xowkul's Food Shop.
   285 | D        | Found Adibiuv's Gadget Shop.
   285 | D        | Found Tootrel's Distillery.
   285 | D        | Found Jeumir's Antique Weapon Boutique.
   285 | D        | Found Moef's Distillery.
   285 | D        | Found Melis's General Store.
   286 | D        | Found Muzuompo's Antique Armour Shop.
   286 | D        | Found Vuicroon's Food Boutique.
   287 | D        | Found Ulecin's Gadget Boutique.
   287 | D        | Noticed a wyvern
   288 | D        | Found Miblet's Magic Scroll Shop.
   288 | D        | Found Illoeps's Antique Armour Boutique.
   288 | D        | Noticed a kraken
   288 | D        | Noticed a wyvern
   288 | D        | Noticed an oklob plant
   289 | D        | Found Ytoetuak's Jewellery Shop.
   289 | D        | Found Soiptah's General Store.
   289 | D        | Found Cilumit's Book Shoppe.
   305 | D        | Noticed a great orb of eyes
   309 | D        | Noticed a hippogriff
   312 | D        | Noticed a hippogriff
   313 | D        | Bought the +4 moon troll leather armour {Spirit, Regen++ MP+5} for 798 gold pieces
   313 | D        | Bought a glowing cloak for 85 gold pieces
   316 | D        | Noticed a hippogriff
   444 | D        | Noticed a flying skull
   445 | D        | Noticed a flying skull
   445 | D        | Noticed a flying skull
   446 | D        | Noticed a flying skull
   447 | D        | Noticed a flying skull
   448 | D        | Noticed a flying skull
   448 | D        | Noticed a flying skull
   449 | D        | Noticed a crocodile
   449 | D        | Noticed a flying skull
   449 | D        | Noticed a flying skull
   460 | D        | Killed a crocodile
   464 | D        | Noticed a flying skull
   484 | D        | Noticed a kraken
   488 | D        | Found a corrupted altar of Lugonu.
   488 | D        | Found a glowing golden altar of the Shining One.
   489 | D        | Found a shadowy altar of Dithmenos.
   489 | D        | Found a radiant altar of Vehumet.
   489 | D        | Found a sacrificial altar of Ru.
   490 | D        | Found an opulent altar of Gozag.
   490 | D        | Found a shimmering altar of Xom.
   490 | D        | Found a glowing silver altar of Zin.
   491 | D        | Found a burning altar of Makhleb.
   491 | D        | Found a snail-covered altar of Cheibriados.
   491 | D        | Found a viscous altar of Jiyva.
   491 | D        | Found a basalt altar of Yredelemnul.
   492 | D        | Found a roughly hewn altar of Beogh.
   492 | D        | Found a deep blue altar of Sif Muna.
   493 | D        | Found an iron altar of Okawaru.
   493 | D        | Found a sparkling altar of Nemelex Xobeh.
   496 | D        | Found a white marble altar of Elyvilon.
   496 | D        | Found a bloodstained altar of Trog.
   496 | D        | Found a stormy altar of Qazlal.
   496 | D        | Noticed a wasp
   496 | D        | Noticed a polar bear
   497 | D        | Noticed a polar bear
   497 | D        | Found a blossoming altar of Fedhas.
   497 | D        | Found an ancient bone altar of Kikubaaqudgha.
   497 | D        | Noticed a yaktaur
   498 | D        | Noticed a polar bear
   498 | D        | HP: 2/81 [tentacle[a kraken] (14)]
   501 | D        | Noticed a crocodile
   503 | D        | Noticed a crocodile
   507 | D        | Noticed a flying skull
   512 | D        | Noticed a flying skull
   519 | D        | Noticed a crocodile
   528 | D        | Killed a polar bear
   535 | D        | Killed a yaktaur
   535 | D        | Reached XP level 8. HP: 25/92 MP: 1/7
   536 | D        | Noticed an electric eel
   614 | D        | Killed a polar bear
   614 | D        | Reached skill level 11 in Unarmed Combat
   615 | D        | Killed a wasp
   615 | D        | Received a gift from Trog
   697 | D        | Killed a polar bear
   729 | D        | Noticed Menkaure
   871 | D        | Killed Menkaure
   871 | D        | Reached skill level 10 in Fighting
   871 | D        | Reached skill level 10 in Dodging
   874 | D        | Noticed a giant orange brain
   874 | D        | Noticed Sonja
   875 | D        | Noticed a hellephant
   875 | D        | Noticed a mottled draconian shifter
   892 | D        | Killed Sonja
   892 | D        | Reached skill level 12 in Unarmed Combat
   892 | D        | Reached XP level 9. HP: 71/102 MP: 8/8
   894 | D        | Killed a giant orange brain
   921 | D        | Killed a crocodile
   922 | D        | Killed a crocodile
   926 | D        | Killed a crocodile
   953 | D        | Noticed a deep troll
   954 | D        | Noticed a deep troll
   956 | D        | Killed a deep troll
   956 | D        | Reached skill level 13 in Unarmed Combat
   964 | D        | Killed a deep troll
   993 | D        | Noticed a sphinx
   993 | D        | Noticed a sphinx
   994 | D        | Paralysed by a sphinx for 6 turns
  1002 | D        | Killed a sphinx
  1002 | D        | Received a gift from Trog
  1002 | D        | Reached skill level 14 in Unarmed Combat
  1002 | D        | Reached XP level 10. HP: 96/115 MP: 7/9
  1006 | D        | Killed a sphinx
  1012 | D        | Got a blackened giant club {god gift}
  1013 | D        | Identified the +5 giant club of Laceration {elec, +Rage rF+ rN+ Str+2} (Trog gifted it to you in the Dungeon)
  1075 | D        | Mangled by a tentacle

Vault maps used:
D:        the_violet_keep_of_menkaure

Action                   |  1- 3 |  4- 6 |  7- 9 | 10-12 || total
-------------------------+-------+-------+-------+-------++-------
Melee: Unarmed           |    12 |    31 |    65 |     4 ||   112
       Giant club        |       |       |       |     1 ||     1
Invok: Berserk           |     1 |     1 |     2 |       ||     4
       Brothers in Arms  |       |       |     2 |       ||     2
  Use: Potion            |       |       |     3 |       ||     3
       Scroll            |       |       |     4 |       ||     4
 Stab: Sleeping          |       |     1 |       |       ||     1
  Eat: Chunk             |       |     7 |    10 |       ||    17
